 Dungeon Crawl Stone Soup version 0.31.0-9-g3a7656b989 (webtiles) character file.

Game seed: 3831036074536850428

107 monsoonserge the Gusty (level 4, 0/31 HPs)
             Began as a Barachi Air Elementalist on Jan 25, 2024.
             Killed by divine providence
             ... invoked by an orc priest
              (11 damage)
             ... on level 2 of the Dungeon.
             The game lasted 00:05:59 (1507 turns).

monsoonserge the Gusty (Barachi Air Elementalist)   Turns: 1507, Time: 00:05:59

Health: 0/31       AC:  3    Str:  9    XL:     4   Next: 85%
Magic:  0/8        EV: 12    Int: 17    God:
Gold:   77         SH:  0    Dex: 13    Spells: 4/9 levels left

rFire   . . .        a - +2 short sword (speed)
rCold   . . .        (no shield)
rNeg    . . .        l - +0 leather armour
rPois   .            (no helmet)
rElec   .            (no cloak)
rCorr   .            (no gloves)
SInv    .            (no boots)
Will    .....        (no amulet)
Stlth   ++           (no ring)
HPRegen 0.25/turn    (no ring)
MPRegen 0.11/turn

%: no passive effects
@: slow
A: amphibious, slowness 1, strong legs 1, +LOS
a: Hop


You were on level 2 of the Dungeon.
You visited 1 branch of the dungeon, and saw 2 of its levels.

You collected 77 gold pieces.

Inventory:

Hand Weapons
 a - a +2 short sword of speed (weapon)
Missiles
 d - 4 atropa-tipped darts
 f - 9 poisoned darts
Armour
 l - a +0 leather armour (worn)
Scrolls
 c - a scroll of brand weapon {unknown}
 i - 2 scrolls of identify {unknown}
Potions
 b - a potion of magic
 e - a potion of brilliance {unknown}
 g - a potion of curing
 h - a potion of degeneration {unknown}
 j - a potion of haste {unknown}
 k - a potion of cancellation {unknown}


   Skills:
 + Level 0.5 Fighting
 + Level 0.7 Short Blades
 + Level 1.4 Armour
 + Level 2.7 Dodging
 - Level 2.0 Stealth
 - Level 3.0 Spellcasting
 + Level 1.7 Conjurations
 + Level 4.3 Air Magic


You had 4 spell levels left.
You knew the following spells:

 Your Spells              Type           Power      Damage    Failure   Level
a - Shock                 Conj/Air       48%        1d6       7%          1
b - Airstrike             Air            8%         2d(2-18)  36%         4

Your spell library contained the following spells:

 Spells                   Type           Power      Damage    Failure   Level
 Static Discharge         Conj/Air       24%        3-4/arc   11%         2
 Swiftness                Air            17%        N/A       12%         3
 Mercury Vapours          Alch/Air       18%        N/A       16%         2
 Sting                    Conj/Alch      20%        1d4       17%         1
 Olgreb's Toxic Radiance  Alch           2%         N/A       93%         4


Dungeon Overview and Level Annotations

Branches:
Dungeon (2/15)

Altars:


Innate Abilities, Weirdness & Mutations

You are amphibious.
You cover ground slowly.
You can hop short distances.
You have an extended range of vision and can be seen from far away.


Message History

The zap hits the orc.
You kill the orc!
The zap hits the orc.
The orc is heavily wounded.
The zap hits the quokka.
The quokka is severely wounded.
Casting: Shock (safe; 7% risk of failure)
Confirm with . or Enter, or press ? or * to list all spells.
Aiming: Shock (safe; 7% risk of failure)
Press: ? - help, Shift-Dir - straight line, f/p - orc priest
Aim: an orc priest, wielding a +0 mace and wearing a +0 chain mail (moderately wounded, 77% to hit)
The zap hits the orc priest but does no damage.
The orc priest is moderately wounded.
The zap hits the orc.
You kill the orc!
The zap hits the quokka.
The quokka is severely wounded.
The orc priest calls down the wrath of Beogh upon you.
Beogh smites you!
Unknown command.
The orc priest misses you.
Things that are here:
a +0 short sword; a +0 chain mail; an orc corpse You hit the orc priest.
The orc priest is moderately wounded.
The orc priest mumbles some strange prayers to Beogh against you.
Beogh smites you!
You closely miss the orc priest.
The orc priest is moderately wounded.
Casting: Shock (safe; 7% risk of failure)
Confirm with . or Enter, or press ? or * to list all spells.
Aiming: Shock (safe; 7% risk of failure)
Press: ? - help, Shift-Dir - straight line, f/p - orc priest
Aim: an orc priest, wielding a +0 mace and wearing a +0 chain mail (moderately wounded, 77% to hit)
The zap hits the orc priest.
The orc priest is heavily wounded.
The zap misses the quokka.
The orc priest calls down the wrath of Beogh upon you.
Beogh smites you!
You die...

###.#.#...#...#.
.###.#...#...
#.....#...#. #...#...#...
#.....#...#.
.######......#...
.........#.....#.
..##############.######..
.†).).ro@.........># ###
..########.......#.#
#.........# #.......#.#
#.......#.# #.......#.#
#.......#.# #.......#.#
#.......#.#


You could see an orc priest and a quokka.

Vanquished Creatures
  Natasha (twice) (D:2)
  2 adders (D:2)
  4 orcs (D:2)
  A ball python (D:1)
  6 endoplasms
  A giant cockroach (D:2)
  2 goblins
  A hobgoblin (D:1)
  3 jackals (D:1)
  A quokka (D:1)
  3 bats
  4 kobolds
  4 rats (D:1)
34 creatures vanquished.

Notes
Turn   | Place    | Note
-------+----------+-------------------------------------------
     0 | D:1      | monsoonserge the Barachi Air Elementalist began the quest
                  | for the Orb.
     0 | D:1      | Reached XP level 1. HP: 13/13 MP: 3/3
   355 | D:1      | Reached XP level 2. HP: 19/19 MP: 0/5
   971 | D:2      | Reached skill level 4 in Air Magic
   971 | D:2      | Reached XP level 3. HP: 24/24 MP: 1/6
  1248 | D:2      | Noticed Natasha
  1259 | D:2      | Killed Natasha
  1260 | D:2      | Reached skill level 1 in Armour
  1260 | D:2      | Reached XP level 4. HP: 15/30 MP: 1/8
  1315 | D:2      | Learned a level 4 spell: Airstrike
  1372 | D:2      | Noticed Natasha
  1386 | D:2      | Killed Natasha
  1507 | D:2      | Killed from afar by an orc priest

Illustrated notes

Levels and vault maps discovered:
D:1:      spicycebolla_green_bress_n_ham_2, layout_basic, serial_glass,
          glass_columns_b, glass_columns_a, minmay_misc_feat_cross,
          nicolae_figureground_sparkle
D:2:      layout_basic, hex_medium, uniq_natasha, uniq_jessica, uniq_sigmund

Skill      XL: |  1  2  3  4 |
---------------+-------------+-----
Air Magic      | 4 |  4.3
Armour         | 1 |  1.4
Stealth        | 2 |  2.0
Spellcasting   | 3 |  3.0
Fighting       | |  0.5
Short Blades   | |  0.7
Dodging        | |  2.7
Conjurations   | |  1.7

Action                     |  1- 3 |  4- 6 || total
---------------------------+-------+-------++-------
  Melee: Mace              |     2 |       ||     2
         Short sword       |    10 |     4 ||    14
   Cast: Shock             |    46 |    19 ||    65
    Use: Potion            |       |     1 ||     1
 Armour: Leather armour    |     5 |     7 ||    12
  Dodge: Dodged            |    13 |     9 ||    22
